AoeStats
← dragonslayer15473

Highland

504613325Analyzed
2v2 RM · 26d ago on Sep 5, 2026· 43m 16s· 4 players
Game mode
Random Map
Map size
Medium (4 player)
Population
200
Speed
Normal
Resources
Standard
Victory
Conquest
Starting age
Dark Age
Ending age
Imperial Age
RankedLock teamsTeams togetherTeam positionsShared explorationLock speedFull tech treeHidden civsTurbo modeCheats
Victory
Defeat
🇬🇧 Turks · United Kingdom
937
+17
🇬🇧 Vietnamese · United Kingdom
914
+17
🇺🇸 Celts · United States
952
-50
🇺🇸 Ethiopians · United States
952
-50
[63e] JiNxR8
10:52 Feudal Age
10:35 Loom
12:37 Loom
13:27 Loom
16:14 Castle Age
14:54 Double-Bit Axe
14:51 Horse Collar
19:31 Fletching
20:48 Husbandry
21:09 Bloodlines
21:33 Padded Archer Armor
22:39 Bow Saw
23:36 Bodkin Arrow
23:48 Gold Mining
24:57 Thumb Ring
26:37 Ballistics
26:25 Stone Mining
27:36 Leather Archer Armor
28:34 Heavy Plow
39:33 Imperial Age
37:39 Wheelbarrow
39:40 Heavy Cavalry Archer
40:22 Bracer
40:53 Ring Archer Armor
41:26 Chemistry
Bombastic Fanstastic
1:47 Loom
11:04 Feudal Age
11:58 Double-Bit Axe
12:09 Horse Collar
15:28 Fishing Lines
19:22 Castle Age
17:36 Arson
18:05 Stone Mining
21:39 Wheelbarrow
21:20 Bow Saw
22:47 Gillnets
25:27 Hand Cart
25:41 Heavy Plow
26:24 Town Watch
32:13 Imperial Age
30:30 Forging
30:26 Scale Barding Armor
31:07 Caravan
31:45 Ballistics
31:36 Fortified Wall
32:18 Chain Barding Armor
32:34 Iron Casting
32:07 Squires
33:16 Conscription
33:42 Elite Janissary
34:38 Gold Mining
36:07 Artillery
37:53 Husbandry
38:09 Bloodlines
38:46 Plate Barding Armor
39:11 Blast Furnace
deutschehase?
10:04 Loom
14:44 Feudal Age
15:33 Town Watch
15:31 Horse Collar
15:37 Double-Bit Axe
15:42 Man-at-Arms
26:34 Castle Age
24:55 Scale Mail Armor
25:07 Forging
27:24 Town Patrol
27:01 Crossbowman
27:13 Long Swordsman
29:06 Wheelbarrow
29:40 Gold Mining
29:43 Stone Mining
29:56 Heavy Plow
30:09 Bow Saw
32:31 Crossbowman
33:17 Thumb Ring
36:06 Hand Cart
37:51 Fletching
38:02 Padded Archer Armor
38:25 Royal Heirs
40:11 Masonry
40:03 Bodkin Arrow
45:16 Imperial Age
dragonslayer15473
13:08 Loom
15:47 Feudal Age
20:00 Wheelbarrow
30:37 Castle Age
31:51 Hand Cart
Connection lost

Rejoining the realm…

Still unreachable

The connection could not be restored.

Session expired

The server has moved on; the page needs a fresh start.